 Dungeon Crawl Stone Soup version 0.24-a0-504-gcfb02b9 (webtiles) character file.

Game seed: 17023479572594511182

438 robbits the Ducker (level 6, -5/47 HPs)
             Began as a Vampire Gladiator on July 16, 2019.
             Shot with an arrow by a centaur (11 damage)
             ... on level 5 of the Dungeon.
             The game lasted 00:04:20 (3518 turns).

robbits the Ducker (Vampire Gladiator)              Turns: 3518, Time: 00:04:21

Health: -5/47      AC:  4    Str: 13    XL:     6   Next: 69%
Magic:  6/6        EV: 16    Int: 11    God:
Gold:   237        SH:  0    Dex: 17    Spells: 5/5 levels left

rFire    + . .     SeeInvis +   a - +0 rapier
rCold    + . .     Gourm    .   (no shield)
rNeg     + . .     Faith    .   x - +1 robe "Sude" {rF+ rC+} (curse)
rPois    .         Spirit   .   c - +0 helmet
rElec    .         Reflect  .   (no cloak)
rCorr    .         Harm     .   (no gloves)
MR       .....                  (no boots)
Stlth    ++........             (no amulet)
HPRegen  0.35/turn              g - ring of see invisible
MPRegen  0.10/turn              s - ring of positive energy

@: regenerating quickly
A: no food, fangs 3, see invisible, unbreathing
a: Exsanguinate


You were on level 5 of the Dungeon.
You were alive.

You visited 1 branch of the dungeon, and saw 5 of its levels.

You collected 237 gold pieces.

Inventory:

Hand Weapons
 a - a +0 rapier (weapon)
 p - a +0 short sword of freezing
 v - a +3 dagger
Missiles
 d - 4 throwing nets (quivered)
 q - 5 poisoned darts
Armour
 b - a +0 leather armour
 c - a +0 helmet (worn)
 x - the cursed +1 robe "Sude" (worn) {rF+ rC+}
   (You took it off an orc on level 4 of the Dungeon)

   It protects you from fire.
   It protects you from cold.
   It has a curse placed upon it.
Jewellery
 g - a ring of see invisible (left hand)
 s - a ring of positive energy (right hand)
Wands
 w - a wand of flame (6)
Scrolls
 e - 5 scrolls of remove curse {unknown}
 f - 3 scrolls of enchant weapon {unknown}
 h - a scroll of enchant armour {unknown}
 i - 2 scrolls of magic mapping
 k - a scroll of teleportation {unknown}
 l - a scroll of fear {unknown}
 r - 3 scrolls of amnesia {unknown}
 t - a scroll of immolation {unknown}
 u - a scroll of random uselessness {unknown}
Potions
 j - a potion of brilliance
 m - a potion of ambrosia
 n - a potion of invisibility
 o - a potion of curing


   Skills:
 + Level 3.2 Fighting
 * Level 5.9 Short Blades
 - Level 1.5 Throwing
 * Level 5.9 Dodging


You had 5 spell levels left.
You didn't know any spells.
Your spell library was empty.

Dungeon Overview and Level Annotations

Branches:
Dungeon (5/15)
 Temple: D:4-7

Altars:


Innate Abilities, Weirdness & Mutations

You do not eat.
Your natural rate of healing is unusually fast.
You have razor-sharp teeth.
You have supernaturally acute eyesight. (SInv)
You can survive without breathing.


Message History

No target in view!
A centaur comes into view.
The centaur shouts!
The centaur wields a +0 shortbow.
The centaur shoots an arrow.
The arrow hits you!
You see here an arrow.
A centaur is nearby!
A centaur is nearby!
The centaur shoots an arrow.
The arrow hits you.
You see here an arrow.
A scorpion comes into view.
The centaur shoots an arrow.
The arrow hits you.
You see here an arrow.
The centaur shoots an arrow.
The arrow hits you!
You see here an arrow.
The centaur shoots an arrow.
The arrow hits you!
* * * LOW HITPOINT WARNING * * *
You see here an arrow.
The centaur shoots an arrow.
The arrow hits you!
You die...

#.# #c# #(# #(#
#.# #.######.#
#......(.#
.........#
##......@########
#.......<.......
################


You could see a centaur.

Vanquished Creatures
  2 howler monkeys (D:4)
  A jelly (D:2)
  2 orc wizards (D:4)
  A worker ant (D:5)
  4 gnolls (D:4)
  5 adders
  11 oozes
  An adder skeleton (D:4)
  4 worms
  2 dart slugs
  7 leopard geckos
  6 orcs
  4 giant cockroaches
  5 goblins
  6 hobgoblins
  8 jackals
  3 quokkas (D:3)
  2 ball pythons
  8 bats
  3 frilled lizards (D:1)
  19 kobolds
  7 rats
111 creatures vanquished.

Vanquished Creatures (others)
  8 toadstools (D:2)
8 creatures vanquished.

Grand Total: 119 creatures vanquished

Notes
Turn   | Place    | Note
-------+----------+-------------------------------------------
     0 | D:1      | robbits the Vampire Gladiator began the quest for the Orb.
     0 | D:1      | Reached XP level 1. HP: 16/16 MP: 1/1
   224 | D:1      | Reached XP level 2. HP: 22/22 MP: 2/2
   631 | D:1      | Reached XP level 3. HP: 26/27 MP: 3/3
  1130 | D:2      | Reached XP level 4. HP: 34/34 MP: 4/4
  1276 | D:2      | Reached XP level 5. HP: 23/39 MP: 5/5
  1523 | D:2      | Reached skill level 5 in Short Blades
  1736 | D:3      | Reached skill level 5 in Dodging
  2681 | D:4      | Reached XP level 6. HP: 28/46 MP: 6/6
  3225 | D:4      | Identified the cursed +1 robe "Sude" {rF+ rC+}
  3490 | D:5      | Entered Level 5 of the Dungeon
  3518 | D:5      | Shot with an arrow by a centaur

Levels and vault maps discovered:
D:1:      evilmike_arrival_rings, layout_loops_ring
D:2:      cheibrodos_fertilizer, layout_basic, first_ration
D:3:      layout_loops_ring
D:4:      layout_loops_ring
D:5:      layout_basic, minmay_temple_entry_drinking_statues, basic_altar

Skill      XL: |  1  2  3  4  5  6 |
---------------+-------------------+-----
Fighting       | 2 3 |  3.2
Short Blades   | 4 5 |  5.9
Dodging        | 4 5 |  5.9
Throwing       | |  1.5

Action                   |  1- 3 |  4- 6 || total
-------------------------+-------+-------++-------
Melee: Rapier            |   118 |   273 ||   391
       Bite              |    15 |    28 ||    43
  Use: Scroll            |       |     5 ||     5
 Stab: Sleeping          |     2 |     2 ||     4
Armor: Leather armour    |    26 |    40 ||    66
       Robe              |       |     2 ||     2
Dodge: Dodged            |    81 |   172 ||   253

Table legend:
 A = Non-vault XP
 B = Vault XP
 C = Vault XP percentage of total XP
 D = Non-vault monster count
 E = Vault monster count
 F = Vault count percentage of total count
                 A         B        C        D         E       F
            +---------+---------+-------+---------+---------+-------
      Total |     514 |     113 |  18.0 |      94 |      17 |  15.3
            +---------+---------+-------+---------+---------+-------
        D:1 |      53 |       0 |   0.0 |      26 |       0 |   0.0
        D:2 |      99 |     113 |  53.3 |      30 |      17 |  36.2
        D:3 |      75 |       0 |   0.0 |      21 |       0 |   0.0
        D:4 |     255 |       0 |   0.0 |      16 |       0 |   0.0
        D:5 |      32 |       0 |   0.0 |       1 |       0 |   0.0
            +---------+---------+-------+---------+---------+-------
